 Dungeon Crawl Stone Soup version 0.22-b1-26-g9dbaab1 (webtiles) character file.

168 Doobh the Sneak (level 5, -12/32 HPs)
             Began as a Kobold Assassin on Aug 9, 2018.
             Shot with an arrow by a centaur (15 damage)
             ... on level 5 of the Dungeon.
             The game lasted 00:08:14 (3208 turns).

Doobh the Sneak (Kobold Assassin)                   Turns: 3208, Time: 00:08:14

Health: -12/32     AC:  4    Str:  8    XL:     5   Next: 78%
Magic:  5/5        EV: 21    Int: 18    God:
Gold:   164        SH:  4    Dex: 22    Spells: 4/4 levels left

rFire    . . .     SeeInvis .   a - +2 dagger
rCold    . . .     Gourm    .   (shield restricted)
rNeg     . . .     Faith    .   c - +0 robe
rPois    .         Spirit   .   k - +0 helmet
rElec    .         Reflect  +   d - +0 cloak
rCorr    .         Harm     .   (no gloves)
MR       .....                  (no boots)
Stlth    +++++.....             m - +4 amulet of reflection
HPRegen  0.10/turn              s - +5 ring of intelligence
MPRegen  0.09/turn              (no ring)

@: agile
A: small, carnivore
a: no special abilities


You were on level 5 of the Dungeon.
You were very full.

You visited 1 branch of the dungeon, and saw 5 of its levels.

You collected 164 gold pieces.

Inventory:

Hand Weapons
 a - a +2 dagger (weapon)
 b - a +0 blowgun
Missiles
 e - 8 poisoned needles
 f - 2 curare-tipped needles
 o - 9 needles of paralysis
Armour
 c - a +0 robe (worn)
 d - a +0 cloak (worn)
 k - a +0 helmet (worn)
Jewellery
 m - a +4 amulet of reflection (around neck)
 s - a +5 ring of intelligence (left hand)
 z - an uncursed amulet of regeneration {unknown}
Scrolls
 h - a scroll of teleportation
 j - a scroll of fog
 l - a scroll of noise {unknown}
 u - 2 scrolls of magic mapping
 v - a scroll of enchant armour {unknown}
 x - 2 scrolls of remove curse {unknown}
 y - a scroll of blinking {unknown}
 A - a scroll of random uselessness {unknown}
 B - a scroll of enchant weapon {unknown}
 C - a scroll of identify
Potions
 i - a potion of heal wounds {unknown}
 n - 2 potions of agility
 p - 2 potions of invisibility {unknown}
 q - 3 potions of curing {unknown}
 r - 2 potions of haste {unknown}
 t - a potion of resistance {unknown}
 w - 2 potions of flight {unknown}
Comestibles
 g - 5 rations


   Skills:
 + Level 3.1 Fighting
 * Level 4.8 Short Blades
 + Level 3.1 Throwing
 + Level 2.7 Dodging
 + Level 6.0 Stealth


You had 4 spell levels left.
You didn't know any spells.
Your spell library was empty.

Dungeon Overview and Level Annotations

Branches:
Dungeon (5/15)
 Temple: D:4-7

Altars:
Elyvilon

Shops:
D:4 (


Innate Abilities, Weirdness & Mutations

You are small and have problems with some larger weapons.
You are carnivorous and can eat meat at any time.


Message History

You completely miss the centaur.
The centaur is lightly wounded.
The centaur hits you.
* * * LOW HITPOINT WARNING * * *
You completely miss the centaur.
The centaur is lightly wounded.
The centaur completely misses you. The centaur misses you.
It was a potion of agility.
You feel agile all of a sudden.
The centaur hits you but does no damage.
You hit the centaur.
The centaur is lightly wounded.
The centaur hits you!
* * * LOW HITPOINT WARNING * * *
The centaur wields an uncursed shortbow.
The centaur shoots an arrow.
The arrow completely misses you.
The centaur shoots an arrow.
The arrow barely misses you.
The centaur shoots an arrow.
The arrow misses you.
The centaur shoots an arrow.
The arrow hits you!
You die...

.#.......# #..##...
#.......# ##.##... ..#
#...... #.#+#######..####
#.c.......#...#
#.........#.#.##
#.........#.#..#
#.######...(.....#.##.#
.####......@....(....#.##.##
.............(.((....#. #..#
.........(..#.#######.###..
#....#######.#######.#....
#....# #...........#....
###....#####+#.#########....
#........##.................
#........##....#########....
#........##....# #....


You could see a centaur.

Vanquished Creatures
  A bullfrog zombie (D:5)
  A hound zombie (D:5)
  A worker ant zombie (D:5)
  4 adders
  An ooze (D:1)
  2 dart slugs (D:1)
  2 leopard geckos
  An orc (D:3)
  4 giant cockroaches
  10 goblins
  7 hobgoblins
  9 kobolds
  A ball python (D:2)
  7 bats
  A frilled lizard (D:3)
  A leopard gecko skeleton (D:5)
  A quokka zombie (D:5)
  10 rats
64 creatures vanquished.

Notes
Turn   | Place    | Note
-------+----------+-------------------------------------------
     0 | D:1      | Doobh the Kobold Assassin began the quest for the Orb.
     0 | D:1      | Reached XP level 1. HP: 12/12 MP: 1/1
   177 | D:1      | Reached XP level 2. HP: 17/17 MP: 2/2
   424 | D:1      | Reached XP level 3. HP: 22/22 MP: 3/3
  1003 | D:2      | Reached XP level 4. HP: 27/27 MP: 4/4
  2353 | D:3      | Reached XP level 5. HP: 32/32 MP: 5/5
  2579 | D:4      | Noticed a yak
  2579 | D:4      | Noticed a yak
  2579 | D:4      | Noticed a yak
  2580 | D:4      | Noticed a yak
  2599 | D:4      | Noticed a yak
  2655 | D:4      | Found Keshum's Antique Weapon Boutique.
  2673 | D:5      | Entered Level 5 of the Dungeon
  2919 | D:5      | Found a white marble altar of Elyvilon.
  3149 | D:5      | Reached skill level 6 in Stealth
  3191 | D:5      | Noticed a centaur
  3208 | D:5      | Shot with an arrow by a centaur

Skill      XL: |  1  2  3  4  5 |
---------------+----------------+-----
Short Blades   | 3 4 |  4.8
Dodging        | 2 |  2.7
Throwing       | 3 |  3.1
Fighting       | 3 |  3.1
Stealth        | 6 |  6.0

Action                   |  1- 3 |  4- 6 || total
-------------------------+-------+-------++-------
Melee: Dagger            |    74 |   155 ||   229
  Use: Scroll            |     3 |     4 ||     7
       Potion            |       |     1 ||     1
 Stab: Sleeping          |    14 |    10 ||    24
  Eat: Chunk             |     9 |     5 ||    14
Armor: Robe              |    13 |    35 ||    48
Dodge: Dodged            |    33 |   112 ||   145
Block: Other             |       |    28 ||    28
